 Dungeon Crawl Stone Soup version 0.20-a0-739-g6bb112f (webtiles) character file.

22 esteth the Ruffian (level 2, -3/23 HPs)
             Began as a Draconian Transmuter on Feb 24, 2017.
             Slain by a gnoll
             ... wielding a +0 spear
              (7 damage)
             ... on level 2 of the Dungeon.
             The game lasted 00:01:38 (1059 turns).

esteth the Ruffian (Draconian Transmuter)           Turns: 1059, Time: 00:01:39

Health: -3/23      AC:  4    Str: 12    XL:     2   Next: 68%
Magic:  3/5        EV: 12    Int: 13    God:
Gold:   58         SH:  0    Dex: 11    Spells: 2/5 levels left

rFire    . . .     SeeInvis .     - Unarmed
rCold    . . .     Gourm    .   (armour unavailable)
rNeg     . . .     Faith    .   (no shield)
rPois    .         Spirit   .   (helmet restricted)
rElec    .         Reflect  .   (no cloak)
rCorr    .         Harm     .   (no gloves)
MR       .....                  (no boots)
Stlth    +.........             (no amulet)
Regen    0.1/turn               (no ring)
MPRegen  0.1/turn               (no ring)

@: no status effects
A: unfitting armour, cold-blooded, AC +4
a: no special abilities


You were on level 2 of the Dungeon.
You were not hungry.

You visited 1 branch of the dungeon, and saw 2 of its levels.

You collected 58 gold pieces.

Inventory:

Missiles
 a - 9 arrows (quivered)
Scrolls
 g - a scroll of blinking
Books
 b - a book of Changes

   Spells                             Type                      Level
   a - Beastly Appendage              Transmutation                1
   b - Sticks to Snakes               Transmutation                2
   c - Spider Form                    Transmutation/Poison         3
   d - Ice Form                       Ice/Transmutation            4
   e - Blade Hands                    Transmutation                5
Comestibles
 c - a bread ration
 f - a chunk of flesh


   Skills:
 - Level 1.1 Fighting
 - Level 1.7 Dodging
 + Level 4.0 Unarmed Combat
 - Level 2.0 Spellcasting
 - Level 2.0 Transmutations


You had 2 spell levels left.
You knew the following spells:

 Your Spells              Type           Power        Failure   Level  Hunger
a - Beastly Appendage     Tmut           #.....       12%         1    ##.....
b - Sticks to Snakes      Tmut           #.......     17%         2    ###....


Dungeon Overview and Level Annotations

Branches:
Dungeon (2/15)

Altars:
Yredelemnul


Innate Abilities, Weirdness & Mutations

Your plain brown scales are hard. (AC +4)
You cannot fit into any form of body armour.
You are cold-blooded and may be slowed by cold attacks.


Message History

You create a snake!
You now have 9 arrows.
The gnoll hits you from afar with a spear.
Your ball python closely misses the gnoll.
Your ball python barely misses the gnoll.
The gnoll hits you with a spear!
* * * LOW HITPOINT WARNING * * *
A gnoll comes into view. It is wielding a club.
You hit the gnoll but do no damage.
Your ball python barely misses the gnoll. x2
You hit the gnoll.
The gnoll is heavily wounded.
The gnoll barely misses you.
Your ball python completely misses the gnoll.
Your ball python closely misses the gnoll.
You completely miss the gnoll.
You tail-slap the gnoll, but do no damage.
The gnoll is heavily wounded.
Your ball python bites the gnoll.
Your ball python grabs the gnoll.
Your ball python constricts the gnoll.
The gnoll hits you with a spear!
You die...

#.. #..# #..#
#..# #..# ####
#..# ...
#..####
..####.##S....#
....g...g@.##.#
######.######.#
#.# #.# #.# #.#
#.# #.# #.# #.#
#.# #.# #.# #.#
########.# #.#


You could see 2 gnolls and a friendly ball python.

Vanquished Creatures
  An ooze (D:1)
  2 dart slugs (D:1)
  A ball python (D:1)
  A giant cockroach (D:1)
  3 goblins (D:1)
  2 bats (D:1)
  A kobold (D:1)
  A rat (D:1)
12 creatures vanquished.

Vanquished Creatures (collateral kills)
  A worm (D:2)
1 creature vanquished.

Grand Total: 13 creatures vanquished

Notes
Turn   | Place    | Note
-------+----------+-------------------------------------------
     0 | D:1      | esteth the Draconian Transmuter began the quest for the Orb.
     0 | D:1      | Reached XP level 1. HP: 16/16 MP: 3/3
   183 | D:1      | Reached XP level 2. HP: 23/23 MP: 5/5
   714 | D:1      | Found a basalt altar of Yredelemnul.
   955 | D:1      | Learned a level 2 spell: Sticks to Snakes
   962 | D:2      | Reached skill level 4 in Unarmed Combat
  1059 | D:2      | Slain by a gnoll

Vault maps used:
D:1:      dpeg_arrival_water_altar, minivault_24, serial_bayou_pond_c
D:2:      first_bread, nemelex_dance_club_becter, uniq_terence, uniq_sigmund

Skill      XL: |  1  2 |
---------------+-------+-----
Unarmed Combat | 4 |  4.0
Fighting       | |  1.1
Dodging        | |  1.7
Spellcasting   | |  2.0
Transmutations | |  2.0

Action                   || total
-------------------------++-------
Melee: Unarmed           ||    39
       Tailslap          ||     6
       Punch             ||     1
 Cast: Sticks to Snakes  ||     3
  Use: Scroll            ||     3
       Potion            ||     2
  Eat: Chunk             ||     1
Armor: Skin              ||     8
Dodge: Dodged            ||    24
